 Dungeon Crawl Stone Soup version 0.28-a0-194-g42b4daccc1 (webtiles) character file.

Game seed: 13289364930693221738

1458 Armakuni the Slicer (level 9, 56/61 HPs)
             Began as a Human Transmuter on July 29, 2021.
             Was a Follower of Elyvilon.
             Quit the game on level 6 of the Dungeon on Aug 18, 2021.
             The game lasted 00:14:24 (6008 turns).

Armakuni the Slicer (Human Transmuter)              Turns: 6008, Time: 00:14:24

Health: 56/61      AC:  8    Str: 13    XL:     9   Next: 5%
Magic:  11/12      EV: 12    Int: 15    God:    Elyvilon [*.....]
Gold:   369        SH:  8    Dex: 19    Spells: 8/12 levels left

rFire   . . .      SeeInvis .   a - +1 rapier (venom)
rCold   . . .      Faith    .   m - +2 buckler
rNeg    . . .      Spirit   .   f - +2 robe
rPois   +          Reflect  .   b - +0 helmet
rElec   .          Harm     .   h - +0 cloak
rCorr   .          Rampage  .   (no gloves)
Will    +....                   j - +1 pair of boots of Fijif {Will+ Dex+6}
Stlth   ++........              (no amulet)
HPRegen 0.20/turn               P - ring of poison resistance
MPRegen 0.13/turn               (no ring)

@: wereblooded (expiring), studying Crossbows
A: no striking features
a: Renounce Religion, Lesser Healing, Divine Protection


You were on level 6 of the Dungeon.
You worshipped Elyvilon.
Elyvilon was aware of your devotion.
You visited 2 branches of the dungeon, and saw 7 of its levels.

You collected 369 gold pieces.

Inventory:

Hand Weapons
 a - a +1 rapier of venom (weapon)
Missiles
 i - 6 silver javelins
Armour
 b - a +0 helmet (worn)
 d - a +0 ring mail
 f - a +2 robe (worn)
 h - a +0 cloak (worn)
 j - the +1 pair of boots of Fijif (worn) {Will+ Dex+6}
   (You acquired it on level 4 of the Dungeon)

   Dex:       It affects your dexterity (+6).
   Will:      It increases your willpower.
 m - a +2 buckler (worn)
Jewellery
 P - a ring of poison resistance (left hand)
Wands
 c - a wand of polymorph (15)
 e - a wand of flame (3)
 o - a wand of iceblast (7)
Scrolls
 n - 3 scrolls of identify
 p - 2 scrolls of fear
 r - 3 scrolls of immolation
 s - a scroll of fog
Potions
 g - 3 potions of curing
 k - a potion of might
 l - a potion of lignification {unknown}
 q - a potion of brilliance {unknown}
 t - a potion of berserk rage {unknown}
 u - a potion of flight {unknown}


   Skills:
 + Level 1.9 Fighting
 + Level 8.1 Short Blades
 - Level 2.0 Dodging
 - Level 4.0 Shields
 - Level 3.0 Unarmed Combat
 - Level 2.0 Spellcasting
 - Level 2.0 Transmutations
 - Level 5.0 Invocations


You had 8 spell levels left.
You knew the following spells:

 Your Spells              Type           Power      Damage    Failure   Level
p - Passwall              Tmut/Erth      3%         N/A       22%         2
w - Wereblood             Tmut           7%         N/A       14%         2

Your spell library contained the following spells:

 Spells                   Type           Power      Damage    Failure   Level
 Beastly Appendage        Tmut           14%        N/A       10%         1
 Sandblast                Erth           2%         2d4       22%         1
 Summon Small Mammal      Summ           4%         N/A       22%         1
 Spider Form              Tmut/Pois      2%         N/A       41%         3
 Call Canine Familiar     Summ           1%         N/A       54%         3
 Summon Guardian Golem    Hex/Summ       1%         N/A       54%         3
 Ice Form                 Ice/Tmut       4%         N/A       82%         4
 Fireball                 Conj/Fire      0%         3d3       99%         5
 Iskenderun's Battlesphe  Conj           1%         2d6       99%         5
 Lee's Rapid Deconstruct  Erth           0%         3d5*      99%         5
 Conjure Ball Lightning   Conj/Air       0%         3x3d6     100%        6
 Orb of Destruction       Conj           0%         N/A       100%        7
 Spellforged Servitor     Conj/Summ      0%         N/A       100%        7


Dungeon Overview and Level Annotations

Branches:
Dungeon (6/15)             Temple (1/1) D:5

Altars:
Ashenzari
Cheibriados
Elyvilon
Gozag
Hepliaklqana
Kikubaaqudgha
Makhleb
Nemelex Xobeh
Okawaru
Qazlal
Ru
Sif Muna
Trog
Uskayaw
Vehumet
Wu Jian
Yredelemnul
The Shining One


Message History

The shadow imp misses you.
Found a whip.
You hit the shadow imp.
The shadow imp is heavily wounded.
You block the iron imp's attack. The river rat closely misses you.
You barely miss the shadow imp.
The shadow imp is heavily wounded.
You block the shadow imp's attack. You block the river rat's attack.
You block the iron imp's attack.
You hit the white imp.
The white imp is moderately wounded.
You kill Eustachio!
The river rat disappears in a puff of smoke!
The white imp disappears in a puff of smoke!
The iron imp disappears in a puff of smoke!
The shadow imp disappears in a puff of smoke!
Training target 5.0 for Invocations reached!
Your Short Blades skill increases to level 8!
Your Invocations skill increases to level 5!
You have reached level 9!
Your experience leads to an increase in your attributes!
Your base attributes are Str 12, Int 15, Dex 13.
Increase (S)trength, (I)ntelligence, or (D)exterity?
You feel stronger.
You now have 369 gold pieces (gained 11).
Your primal bloodlust is almost over.
You see here 17 stones.
Okay, then.
u - a silvery potion
Things that are here:
a +0 falchion; a +0 leather armour You howl as the wereblood boils in your veins!
Search for what [Enter for "."]? armour Unknown command.
Saving game... please wait.
Welcome back, Armakuni the Human Transmuter.
Elyvilon says: Go forth and aid the weak!
Press ? for a list of commands and other information.
Unknown command.
Are you sure you want to abandon this character and quit the game? (Confirm with "yes".)

###..##.#####.
###########.........#.
#...................#.
#..........#........#)
#..........#..........
#..........#.##.#####.
#..........#....#####.
#..........#.#..##....
#....@(....#.#..####..
#...[......#.#........
#..........# ##.#.#
#########....). ......
......#......
............. ......#
## ....... .###...


There were no monsters in sight!

Vanquished Creatures
  Eustachio (D:6)
  Menkaure (D:5)
  An ice beast (D:5)
  2 necrophages (D:6)
  2 centaurs (D:4)
  A centaur zombie (D:6)
  Crazy Yiuf (D:2)
  A bullfrog skeleton (D:5)
  5 hounds
  A centaur skeleton (D:5)
  A gnoll shaman (D:6)
  Jessica (D:2)
  An iguana (D:5)
  3 hell rats (D:6)
  Robin (D:2)
  5 adders
  3 gnolls (D:6)
  19 river rats (D:6)
  A white imp (D:6)
  An ufetubus (D:6)
  A worm (D:5)
  4 dart slugs
  7 orcs
  7 ball pythons
  3 endoplasms
  5 giant cockroaches
  13 goblins
  12 hobgoblins
  A jackal (D:3)
  8 kobolds
  A quokka (D:2)
  4 bats
  A frilled lizard (D:1)
119 creatures vanquished.

Notes
Turn   | Place    | Note
-------+----------+-------------------------------------------
     0 | D:1      | Armakuni the Human Transmuter began the quest for the Orb.
     0 | D:1      | Reached XP level 1. HP: 15/15 MP: 3/3
   116 | D:1      | Reached XP level 2. HP: 22/22 MP: 5/5
   122 | D:1      | Learned a level 2 spell: Wereblood
   331 | D:1      | Reached skill level 1 in Short Blades
   663 | D:1      | Found a faded altar of an unknown god.
   725 | D:1      | Reached XP level 3. HP: 27/27 MP: 6/6
   946 | D:2      | Found an ornate altar of the Wu Jian Council.
   954 | D:2      | Reached skill level 2 in Short Blades
   975 | D:2      | Found a runed translucent door.
   976 | D:2      | Noticed Crazy Yiuf
  1413 | D:2      | Noticed Jessica
  1418 | D:2      | Killed Jessica
  1419 | D:2      | Reached skill level 3 in Short Blades
  1419 | D:2      | Reached XP level 4. HP: 16/33 MP: 7/7
  1625 | D:2      | Noticed Robin
  1660 | D:2      | Killed Robin
  1936 | D:2      | Killed Crazy Yiuf
  1937 | D:2      | Reached skill level 4 in Short Blades
  1937 | D:2      | Reached XP level 5. HP: 33/38 MP: 5/8
  2203 | D:3      | Found an ancient bone altar of Kikubaaqudgha.
  3062 | D:4      | Learned a level 2 spell: Passwall
  3115 | D:4      | Noticed a centaur
  3115 | D:4      | Noticed a centaur
  3124 | D:4      | Killed a centaur
  3125 | D:4      | Reached XP level 6. HP: 22/44 MP: 6/9
  3131 | D:4      | Reached skill level 5 in Short Blades
  3544 | D:4      | Identified a scroll of acquirement
  3544 | D:4      | Acquired the +1 pair of boots of Fijif {Will+ Dex+6}
  3959 | D:4      | Reached XP level 7. HP: 47/49 MP: 8/10
  4219 | D:5      | Entered Level 5 of the Dungeon
  4270 | D:5      | Found a staircase to the Ecumenical Temple.
  4283 | Temple   | Entered the Ecumenical Temple
  4692 | D:5      | Found a white marble altar of Elyvilon.
  4711 | D:5      | Became a worshipper of Elyvilon the Healer
  4780 | D:5      | Reached skill level 6 in Short Blades
  4935 | D:5      | Noticed Menkaure
  4942 | D:5      | Killed Menkaure
  4943 | D:5      | Reached XP level 8. HP: 56/56 MP: 11/11
  4953 | D:5      | You fall into a shaft and drop 1 floor!
  5452 | D:6      | Reached * piety under Elyvilon
  5550 | D:6      | Reached skill level 7 in Short Blades
  5640 | D:6      | Found the +2 ratskin cloak {*Rats rPois rN+ Str-1 Int-1
                  | Dex+1}
  5981 | D:6      | Noticed Eustachio
  5998 | D:6      | Killed Eustachio
  5999 | D:6      | Reached skill level 8 in Short Blades
  5999 | D:6      | Reached skill level 5 in Invocations
  5999 | D:6      | Reached XP level 9. HP: 55/61 MP: 10/12
  6008 | D:6      | Upgraded the game from 0.28-a0-46-g7b1be97da7 to
                  | 0.28-a0-194-g42b4daccc1
  6008 | D:6      | Quit the game

Illustrated notes

Levels and vault maps discovered:
D:1:      dpeg_arrival_lava_altar, layout_basic,
          chequers_ecumenical_altar_simple_redux, kennysheep_small_spiral,
          st_stairs_8
D:2:      layout_basic, basic_altar, corexii_hall_statues_deadend, uniq_jessica,
          uniq_robin, uniq_crazy_yiuf_cottage
D:3:      minmay_diamond_boxcup, layout_basic, lemuel_round_altar
D:4:      layout_loops_corners, minmay_misc_feat_room, minmay_manual_mares
D:5:      layout_basic, elyvilon_altar_4, temple_statues, uniq_menkaure
D:6:      wander_guarded_unrand_ratskin, layout_rooms, uniq_eustachio
Temple:   regret_index_temple_waves

Skill      XL: |  1  2  3  4  5  6  7  8 |
---------------+-------------------------+-----
Short Blades   | 1 3 4 5 6 8 |  8.1
Shields        | 2 4 |  4.0
Invocations    | 2 5 |  5.0
Fighting       | |  1.9
Dodging        | |  2.0
Unarmed Combat | |  3.0
Spellcasting   | |  2.0
Transmutations | |  2.0

Action                   |  1- 3 |  4- 6 |  7- 9 || total
-------------------------+-------+-------+-------++-------
Melee: Unarmed           |    10 |       |       ||    10
       Headbutt          |     2 |       |       ||     2
       Kick              |     1 |       |       ||     1
       Rapier            |    54 |   131 |   194 ||   379
       Punch             |     2 |       |       ||     2
 Cast: Beastly Appendage |     2 |       |       ||     2
       Wereblood         |       |     7 |     7 ||    14
Evoke: Wand              |       |       |    12 ||    12
  Use: Scroll            |     3 |     7 |     5 ||    15
       Potion            |       |     1 |       ||     1
 Stab: Sleeping          |       |     1 |     4 ||     5
Armor: Robe              |    15 |    48 |    38 ||   101
Dodge: Dodged            |    43 |    81 |    73 ||   197
Block: Buckler           |       |    22 |    65 ||    87

Table legend: (Time is in decaauts)
 A = Elapsed time spent in this place.
 B = Non-inter-level travel time spent in this place.
 C = Inter-level travel time spent in this place.
 D = Time resting spent in this place.
 E = Time spent auto-exploring this place.
 F = Levels seen in this place.
 G = Mean time per level.
                   A        B        C        D        E       F      G
               +--------+--------+--------+--------+--------+-----+--------+
         Total |   5974 |   5791 |    183 |    368 |   4213 |   7 |  853.4 |
       Dungeon |   5837 |   5669 |    168 |    368 |   4096 |   6 |  972.8 |
        Temple |    136 |    121 |     15 |      0 |    117 |   1 |  136.0 |
               +--------+--------+--------+--------+--------+-----+--------+

Top non-repeatable levels by time:
     D:4: 1216 daAuts
     D:2: 1081 daAuts
     D:3: 996 daAuts
     D:5: 969 daAuts
     D:1: 916 daAuts
     D:6: 658 daAuts
  Temple: 136 daAuts
